AoeStats
← juju

Arabian Desert

509236773Analyzed
1v1 RM · 7d ago on Sep 26, 2026· 28m 16s· 2 players
Game mode
Random Map
Map size
Tiny (2 player)
Population
200
Speed
Normal
Resources
Standard
Victory
Conquest
Starting age
Dark Age
Ending age
Imperial Age
RankedLock teamsTeams togetherTeam positionsShared explorationLock speedFull tech treeHidden civsTurbo modeCheats
Victory
Defeat
🇺🇸 Saxons · United States
712
+15
🇮🇩 Teutons · Indonesia
701
-35
juju
13:19 Feudal Age
19:36 Wheelbarrow
18:46 Town Watch
18:47 Loom
Ex Milkman
0:48 Loom
13:51 Feudal Age
15:13 Horse Collar
17:05 Man-at-Arms
20:27 Double-Bit Axe
23:56 Castle Age
23:42 Arson
24:27 Forging
24:17 Scale Mail Armor
24:08 Fletching
24:18 Padded Archer Armor
24:23 Scale Barding Armor
24:33 Gambesons
24:08 Long Swordsman
26:38 Iron Casting
27:17 Bodkin Arrow
28:06 Leather Archer Armor
28:07 Chain Mail Armor
27:57 Scale Barding Armor
Connection lost

Rejoining the realm…

Still unreachable

The connection could not be restored.

Session expired

The server has moved on; the page needs a fresh start.